 Dungeon Sprint DCSS version 0.31-a0-325-g067879e3d3 (webtiles) character file.

Game seed: 2456339232016841031

182518 HallandMoats the End of an Era (level 17, -8/174 HPs)
             Began as a Demonspawn Monk on July 19, 2023.
             Was the Champion of Qazlal.
             Mangled by a radroach (12 damage)
             ... in the Dungeon (Sprint V: "Ziggurat Sprint").
             The game lasted 00:25:00 (2725 turns).

HallandMoats the End of an Era (Demonspawn Monk)    Turns: 2725, Time: 00:25:01

Health: -8/174     AC: -3    Str: 27    XL:     17   Next: 71%
Magic:  0/34       EV:  8    Int: 17    God:    Qazlal [******]
Gold:   521        SH: 45    Dex: 14    Spells: 16/16 levels left

rFire   + + .        B - +16 obsidian axe {drain, demonic, Mesm Drain Fly SInv}
rCold   + + +        C - +18 shield of the Gong {Loud rN+ Will+ rCorr EV-5}
rNeg    + + +        a - +5 gold dragon scales
rPois   ∞            x - +1 helmet of Wariness {rPois Int+4}
rElec   +            G - +2 cloak {rPois}
rCorr   +            Q - +0 pair of gloves of Waoxzuit {rF+}
SInv    +            (boots unavailable)
Will    ++++.        s - amulet "Icut Tev" {Spirit Str+4} Stlth
                     O - ring "Cettony" {Str+5 Dex+3 Slay+3 SInv}
HPRegen 0.49/turn    D - ring of Qopan Sakoo {rElec rPois rN++ Will+ Dex-5}
MPRegen 0.24/turn

%: no teleportation, repel missiles, guardian spirit
@: death-form, spiked, protected from cold, corroded, flying, mesmerised,
slowed, studying 2 skills, very slow
A: vile attack, torment immunity, no potions, hooves 3, thin metallic scales 2,
icemail 2, spiny 2, augmentation 1, condensation shield, deformed body
a: Siphon Essence, Begin Untransformation, Renounce Religion, Upheaval,
Elemental Force, Disaster Area


You were in the Dungeon.
You worshipped Qazlal.
Qazlal was exalted by your worship.
You were an undying horror.
You visited 1 branch You collected 521 gold pieces.

Inventory:

Hand Weapons
 w - the +5 demon whip "Spellbinder" {antimagic, disrupt, Will+}
   (You found it in the Dungeon)

   Will:      It increases your willpower.
 B - the +16 obsidian axe (weapon) {drain, demonic, Mesm Drain Fly SInv}
   (You found it in the Dungeon)

   Mesm:      Its wielder is mesmerised by any visible foes, and it cannot be
   unequipped while any foes are visible.
   SInv:      It lets you see invisible.
   Fly:       It grants you flight.
   Drain:     It drains your maximum health when unequipped.
 L - the +5 glaive of the Guard {elec, spectral, AC+5}
   (You found it in the Dungeon)

   AC:        It affects your AC (+5).
 U - the +8 frozen axe "Frostbite" {freeze, freezing cloud, *Noise Fly rC+}
   (You found it in the Dungeon)

   rC:        It protects you from cold.
   Fly:       It grants you flight.
   *Noise:    It may make noises in combat.
 V - the +6 arbalest "Damnation" {damnation}
   (You found it in the Dungeon)
Armour
 a - +5 gold dragon scales (worn)
 x - the +1 helmet of Wariness (worn) {rPois Int+4}
   (You found it in the Dungeon)

   Int:       It affects your intelligence (+4).
   rPois:     It protects you from poison.
 C - the +18 shield of the Gong (worn) {Loud rN+ Will+ rCorr EV-5}
   (You found it in the Dungeon)

   Loud:      It is deafeningly noisy when blocking attacks.
   EV:        It affects your evasion (-5).
   rN:        It protects you from negative energy.
   rCorr:     It protects you from acid and corrosion.
   Will:      It increases your willpower.
 G - a +2 cloak of poison resistance (worn)
 I - the sphere of Battle
   (You found it in the Dungeon)

   It enhances your destructive magic.
   It weakens your non-destructive magic.
   It summons a battlesphere in combat, with strength depending on Conjurations
   skill.
 P - the +4 Cigotuvi's embrace {Corpsefed rMiasma Drain rN+}
   (You found it in the Dungeon)

   Corpsefed: It gathers nearby corpses to temporarily increase the armour it
   provides.
   rMiasma:   It protects you from foul pestilence.
   rN:        It protects you from negative energy.
   Drain:     It drains your maximum health when unequipped.
 Q - the +0 pair of gloves of Waoxzuit (worn) {rF+}
   (You found it in the Dungeon)

   rF:        It protects you from fire.
Jewellery
 s - the amulet "Icut Tev" (around neck) {Spirit Str+4}
   (You found it in the Dungeon)

   [amulet of guardian spirit]

   It causes incoming damage to be divided between your reserves of health and
   magic.
   Str:       It affects your strength (+4).
 D - the ring of Qopan Sakoo (right hand) {rElec rPois rN++ Will+ Dex-5}
   (You found it in the Dungeon)

   [ring of poison resistance]

   Dex:       It affects your dexterity (-5).
   rElec:     It insulates you from electricity.
   rPois:     It protects you from poison.
   rN:        It greatly protects you from negative energy.
   Will:      It increases your willpower.
 O - the ring "Cettony" (left hand) {Str+5 Dex+3 Slay+3 SInv}
   (You found it in the Dungeon)

   [ring of see invisible]

   Str:       It affects your strength (+5).
   Dex:       It affects your dexterity (+3).
   Slay:      It affects your accuracy & damage with ranged weapons and melee
   (+3).
   SInv:      It lets you see invisible.
 R - the amulet of Qaxune {Reflect Int+3 SH+5}
   (You found it in the Dungeon)

   [amulet of reflection]

   It reflects blocked missile attacks.
   Int:       It affects your intelligence (+3).
   SH:        It affects your SH (+5).
 T - the ring of Uteqadd {rElec rC+ rN+ Will+ Int+3 Dex-5}
   (You found it in the Dungeon)

   [ring of positive energy]

   Int:       It affects your intelligence (+3).
   Dex:       It affects your dexterity (-5).
   rC:        It protects you from cold.
   rElec:     It insulates you from electricity.
   rN:        It protects you from negative energy.
   Will:      It increases your willpower.
Talismans
 r - a granite talisman
 M - a dragon-blood talisman
 N - a storm talisman
 S - a talisman of death
Wands
 t - a wand of charming (52)
 u - a wand of flame (109)
 v - a wand of digging (17)
 y - a wand of mindburst (62)
 z - a wand of iceblast (77)
 A - a wand of quicksilver (65)
 H - a wand of polymorph (18)
Scrolls
 j - 4 scrolls of blinking
 l - 4 scrolls of enchant weapon
 n - 4 scrolls of amnesia
 o - 7 scrolls of fog
 p - 5 scrolls of identify
 q - a scroll of fear
 F - 6 scrolls of brand weapon
 J - a scroll of acquirement
Potions
 b - 2 potions of brilliance
 c - a potion of ambrosia
 d - 2 potions of invisibility
 e - 10 potions of curing
 f - 14 potions of heal wounds
 g - 19 potions of haste
 h - 6 potions of magic
 i - 3 potions of berserk rage
 k - 4 potions of resistance
 m - 8 potions of might
Miscellaneous
 K - a phantom mirror


   Skills:
 O Level 27 Fighting
 + Level 23.7 Axes
 + Level 18.7 Armour
 + Level 18.2 Dodging
 + Level 19.7 Shields
 O Level 27 Invocations
 * Level 21.2 Shapeshifting


You had 16 spell levels left.
You didn't know any spells.
Your spell library contained the following spells:

 Spells                   Type           Power      Damage    Failure   Level
 Apportation              Tloc           0%         N/A       99%         1
 Freeze                   Ice            0%         1d3       99%         1
 Kiss of Death            Conj/Necr      0%         2d5       99%         1
 Magic Dart               Conj           0%         1d3       99%         1
 Necrotise                Necr           0%         1d4       99%         1
 Sandblast                Erth           0%         2d4       99%         1
 Slow                     Hex            0%         N/A       99%         1
 Sting                    Tmut/Pois      0%         1d3       99%         1
 Summon Small Mammal      Summ           0%         N/A       99%         1
 Blink                    Tloc           0%         N/A       99%         2
 Call Imp                 Summ           0%         N/A       99%         2
 Cigotuvi's Dreadful Rot  Necr/Pois/Air  0%         N/A       99%         2
 Ensorcelled Hibernation  Hex/Ice        0%         N/A       99%         2
 Lesser Beckoning         Tloc           0%         N/A       99%         2
 Momentum Strike          Conj/Tloc      0%         3d8       99%         2
 Passwall                 Tmut/Erth      0%         N/A       99%         2
 Poisonous Vapours        Pois/Air       0%         N/A       99%         2
 Scorch                   Fire           0%         2d5       99%         2
 Searing Ray              Conj           0%         2d4       99%         2
 Static Discharge         Conj/Air       0%         2-2/arc   99%         2
 Sublimation of Blood     Necr           0%         N/A       99%         2
 Wereblood                Tmut           0%         N/A       99%         2
 Call Canine Familiar     Summ           0%         N/A       100%        3
 Confusing Touch          Hex            0%         N/A       100%        3
 Dazzling Flash           Conj/Hex       0%         N/A       100%        3
 Frozen Ramparts          Ice            0%         1d1       100%        3
 Hailstorm                Conj/Ice       0%         3d3       100%        3
 Ignite Poison            Fire/Tmut/Pois 0%         N/A       100%        3
 Inner Flame              Hex/Fire       0%         N/A       100%        3
 Mephitic Cloud           Conj/Pois/Air  0%         N/A       100%        3
 Ozocubu's Armour         Ice            0%         N/A       100%        3
 Portal Projectile        Hex/Tloc       0%         N/A       100%        3
 Stone Arrow              Conj/Erth      0%         3d7       100%        3
 Summon Guardian Golem    Hex/Summ       0%         N/A       100%        3
 Swiftness                Air            0%         N/A       100%        3
 Tukima's Dance           Hex            0%         N/A       100%        3
 Vampiric Draining        Necr           0%         2d6       100%        3
 Vhi's Electric Charge    Tloc/Air       0%         N/A       100%        3
 Volatile Blastmotes      Fire/Tloc      0%         2d10      100%        3
 Airstrike                Air            0%         2d(0-16)  100%        4
 Anguish                  Hex/Necr       0%         N/A       100%        4
 Animate Armour           Summ/Erth      0%         N/A       100%        4
 Animate Dead             Necr           0%         N/A       100%        4
 Flame Wave               Conj/Fire      0%         2d4       100%        4
 Fulminant Prism          Conj/Hex       0%         3d5       100%        4
 Iskenderun's Mystic Bla  Conj/Tloc      0%         2d3       100%        4
 Leda's Liquefaction      Hex/Erth       0%         N/A       100%        4
 Manifold Assault         Tloc           0%         N/A       100%        4
 Olgreb's Toxic Radiance  Pois           0%         N/A       100%        4
 Petrify                  Tmut/Erth      0%         N/A       100%        4
 Sticky Flame             Conj/Fire      0%         2d3       100%        4
 Summon Ice Beast         Ice/Summ       0%         N/A       100%        4
 Summon Lightning Spire   Summ/Air       0%         N/A       100%        4
 Agony                    Necr           0%         N/A       100%        5
 Alistair's Intoxication  Tmut/Pois      0%         N/A       100%        5
 Arcjolt                  Conj/Air       0%         1d10      100%        5
 Borgnjor's Vile Clutch   Necr/Erth      0%         N/A       100%        5
 Fireball                 Conj/Fire      0%         3d3       100%        5
 Freezing Cloud           Conj/Ice/Air   0%         6-21      100%        5
 Irradiate                Conj/Tmut      0%         3d11      100%        5
 Iskenderun's Battlesphe  Conj           0%         2d6       100%        5
 Lee's Rapid Deconstruct  Erth           0%         3d4*      100%        5
 Metabolic Englaciation   Hex/Ice        0%         N/A       100%        5
 Silence                  Hex/Air        0%         N/A       100%        5
 Summon Mana Viper        Hex/Summ       0%         N/A       100%        5
 Yara's Violent Unravell  Hex/Tmut       0%         3d3       100%        5
 Conjure Ball Lightning   Conj/Air       0%         3x3d6     100%        6
 Death Channel            Necr           0%         N/A       100%        6
 Eringya's Noxious Bog    Tmut/Pois      0%         4d6       100%        6
 Simulacrum               Ice/Necr       0%         N/A       100%        6
 Starburst                Conj/Fire      0%         6d3       100%        6
 Summon Cactus Giant      Summ           0%         N/A       100%        6
 Enfeeble                 Hex            0%         N/A       100%        7
 Haunt                    Necr/Summ      0%         N/A       100%        7
 Orb of Destruction       Conj           0%         9d5       100%        7
 Ozocubu's Refrigeration  Ice            0%         4d7       100%        7
 Spellforged Servitor     Conj/Summ      0%         N/A       100%        7
 Summon Hydra             Summ           0%         N/A       100%        7
 Discord                  Hex            0%         N/A       100%        8
 Ignition                 Fire           0%         3d3       100%        8
 Infestation              Necr           0%         N/A       100%        8
 Summon Horrible Things   Summ           0%         N/A       100%        8
 Chain Lightning          Conj/Air       0%         N/A       100%        9
 Fire Storm               Conj/Fire      0%         5d1       100%        9
 Polar Vortex             Ice            0%         N/A       100%        9
 Shatter                  Erth           0%         3d5*      100%        9


Dungeon Overview and Level Annotations

Branches:
Dungeon (1/1)

Altars:
Ashenzari
Cheibriados
Dithmenos
Fedhas
Gozag
Hepliaklqana
Kikubaaqudgha
Makhleb
Nemelex Xobeh
Okawaru
Qazlal
Ru
Sif Muna
Trog
Uskayaw
Vehumet
Wu Jian
Xom
Yredelemnul
Jiyva
Lugonu


Innate Abilities, Weirdness & Mutations

You are an undying horror.
Your melee and unarmed attacks drain, slow and weaken victims.
You are immune to unholy pain and torment.
You cannot drink.
You are immune to poison.
You have hooves in place of feet.
You are mostly covered in thin metallic scales. (AC +3)
A meltable icy envelope protects you from harm. (AC +8)
You are mostly covered in sharp spines.
Your magical and physical power is slightly enhanced at high health.
A meltable shield of frost defends you. (SH +4)
Armour fits poorly on your strangely shaped body.


Message History

The orb spider's soul is no longer bound.
You block the hornet's attack.
PTOANNNG!
The hornet is engulfed in freezing vapours.
The demonic crawler rages.
The jumping spider leaps!
You block the steelbarb worm's attack.
PTOANNNG!
The hornet is engulfed in a thunderstorm.
The hornet barely misses you.
The jumping spider leaps!
The ghost moth is engulfed in a thunderstorm.
The ghost moth stares at you.
You feel your power leaking away.
The entropy weaver points at you and mumbles some strange words.
The hornet rages.
The radroach closely misses you. The radroach claws you.
* * * LOW HITPOINT WARNING * * *
The jumping spider simulacrum barely misses you.
The jumping spider simulacrum bites you.
* * * LOW HITPOINT WARNING * * *
The jumping spider simulacrum freezes you.
You resist.
You feel protected from cold.
* * * LOW HITPOINT WARNING * * *
Your sun demon is engulfed in freezing vapours.
You block the steelbarb worm's attack.
GONNNNG!
The hornet stings you!!
* * * LOW HITPOINT WARNING * * *
The entropy weaver gestures at you while chanting.
The entropic weave corrodes you!
Your ice devil hits the entropy weaver!
Your ice devil freezes the entropy weaver!
Your ice devil's attack snaps the entropy weaver out of its fear.
The ghost moth is engulfed in freezing vapours.
The entropy weaver mumbles, "Damn and blast!"
You block the hornet's attack.
PTOANNNG!
The ghost moth is engulfed in a thunderstorm.
Your orange demon misses the hornet. x2; The radroach is struck by your spines.
The radroach bites you!
You die... .)=.).▓ )..|=.▓ ....):|)B|=...B ......▓ .B.w..s|...°.○. ......▓ ..°..syBy.yw○.. ......▓ ..sBsyZZy.B○...

......▓
..H..B..ss...s.
......▓
..▓.y○yyyBs○.▓.
......▓
.▓.▓s§yywy..▓.▓
......▓
..▓.ZBBzysB..▓.
......▓
....○.Z3y4Z..○.
......▓
.......44....○.
......▓
..y..4...○....○
......▓
..▓..........▓.
.▓....▓
.▓.▓........▓.▓
......▓
..▓..........▓.
......▓
...............
......▓
...............


You could see a jorogumo (fleeing), 4 radroaches, a boulder beetle (rolling,
fleeing), 6 ghost moths, 6 entropy weavers, 2 steelbarb worms, a spark wasp
(soul bound, fleeing), a torpor snail (soul bound, fleeing), 4 demonic crawlers,
2 wolf spiders, 3 moths of wrath, 3 orb spiders, a culicivora (soul bound,
fleeing), 4 hornets, a meliai (soul bound, fleeing, ally target), a jumping
spider simulacrum, a tarantella simulacrum, a redback simulacrum, an emperor
scorpion simulacrum (slow, weak, very drained), a moth of wrath simulacrum
(slow, weak, very drained), a friendly sun demon (summoned, slow), a friendly
orange demon (summoned, slow), 2 friendly ice devils and a friendly rust devil
(summoned, slow).

Vanquished Creatures
  A royal mummy (D)
  3 shard shrikes (D)
  A profane servitor (D)
  A doom hound (D)
  7 Ice Fiends (D)
  2 tainted leviathans (D)
  A lich (D)
  6 titans (D)
  3 acid blobs (D)
  3 tentacled starspawn (D)
  7 shadow dragons (D)
  3 nagarajas (D)
  5 azure jellies (D)
  5 rockslimes (D)
  7 frost giants (D)
  7 fire giants (D)
  7 narguns (D)
  4 emperor scorpions (D)
  3 ghouls (D)
  5 ghost moths (D)
  A quicksilver ooze (D)
  An angel (D)
  8 stone giants (D)
  A reaper (D)
  An orc warlord (D)
  3 very ugly things (D)
  2 putrid mouths (D)
  A broodmother (D)
  3 starcursed masses (D)
  10 wendigos (D)
  A white draconian (D)
  4 ettins (D)
  A dire elephant (D)
  A blizzard demon (D)
  An entropy weaver (shapeshifter) (D)
  3 entropy weavers (D)
  A green death (D)
  3 great orbs of eyes (D)
  A hydra (D)
  A jorogumo (D)
  5 anacondas (D)
  2 radroaches (D)
  3 naga warriors (D)
  3 vampire magi (D)
  2 demonic crawlers (D)
  3 thrashing horrors (D)
  5 soul eaters (D)
  2 spriggans (D)
  A fire crab (shapeshifter) (D)
  2 wretched stars (D)
  A skyshark (D)
  A pharaoh ant (D)
  4 skeletal warriors (D)
  3 orb spiders (D)
  A glowing orange brain (D)
  A sixfirhy (D)
  4 steelbarb worms (D)
  An orc knight (D)
  3 orc sorcerers (D)
  6 wolf spiders (D)
  3 shining eyes (D)
  3 worldbinders (D)
  7 cyclopes (D)
  4 moths of wrath (D)
  2 toenail golems (D)
  6 naga magi (D)
  7 guardian serpents (D)
  An eye of devastation (D)
  A guardian serpent (shapeshifter) (D)
  10 black mambas (D)
  A smoke demon (D)
  2 torpor snails (D)
  An orange demon (D)
  5 cane toads (D)
  5 hellions (D)
  3 komodo dragons (D)
  2 guardian mummies (D)
  2 tormentors (D)
  2 trolls (shapeshifter) (D)
  A polar bear (D)
  A merfolk (shapeshifter) (D)
  3 merfolk (D)
  7 tarantellas (D)
  6 large abominations (D)
  8 hornets (D)
  A dream sheep (D)
  2 blink frogs (D)
  A raiju (D)
  2 wind drakes (D)
  A dream sheep (shapeshifter) (D)
  A flying skull (D)
  3 jumping spiders (D)
  2 ushabtiu (D)
  10 slime creatures (D)
  9 small abominations (D)
  4 shadows (D)
  3 vampires (D)
  A ynoxinul (D)
  A wyvern (D)
  A fire elemental (D)
  2 golden eyes (D)
  A yak (D)
  2 basilisks (D)
  3 neqoxecs (D)
  A chaos spawn (D)
  9 redbacks (D)
  A warg (D)
  4 nagas (D)
  A swamp worm (shapeshifter) (D)
  A floating eye (D)
  6 orc warriors (D)
  8 water moccasins (D)
  5 black bears (D)
  4 wolves (D)
  A centaur (D)
  A bullfrog (D)
  2 earth elementals (D)
  4 necrophages (D)
  4 wights (D)
  3 quasits (D)
  9 jellies (D)
  An iguana (D)
  2 iron imps (D)
  2 orc wizards (D)
  6 mummies (D)
  3 adders (D)
  2 ufetubi (D)
  2 spectral adders (D)
  2 adder zombies (D)
  3 adder skeletons (D)
  An adder simulacrum (D)
  An orc (D)
  2 spectral bats (D)
  4 bat skeletons (D)
  3 bat zombies (D)
  5 endoplasms (D)
  5 ball python skeletons (D)
  4 ball python zombies (D)
  2 giant cockroach zombies (D)
  2 quokka skeletons (D)
  4 quokka zombies (D)
  A spectral ball python (D)
  A spectral jackal (D)
  4 spectral quokkas (D)
  5 starspawn tentacles (D)
456 creatures vanquished.

Vanquished Creatures (collateral kills)
  A very ugly thing (D)
  An entropy weaver (shapeshifter) (D)
  A boulder beetle (D)
  2 soul eaters (D)
  A wolf spider (D)
  A cyclops (D)
  A toenail golem (D)
  An eye of devastation (D)
  A merfolk (D)
  A dream sheep (D)
  2 slime creatures (D)
  A basilisk (D)
  A neqoxec (D)
  A water moccasin (D)
  A phantom (D)
  A bullfrog (D)
  An earth elemental (D)
  A wight (D)
  A crimson imp (D)
  An iron imp (D)
  A shadow imp (D)
  A white imp (D)
  A bat skeleton (D)
  A bat zombie (D)
  A jackal skeleton (D)
27 creatures vanquished.

Vanquished Creatures (others)
  2 jumping spiders (D)
  An endoplasm (D)
  A bat simulacrum (D)
  A quokka skeleton (D)
  A starspawn tentacle (D)
6 creatures vanquished.

Grand Total: 489 creatures vanquished

Notes
Turn   | Place    | Note
-------+----------+-------------------------------------------
     0 | D        | HallandMoats the Demonspawn Monk began the quest for the
                  | Orb.
     0 | D        | Reached XP level 1. HP: 18/18 MP: 1/1
    17 | D        | Found a blossoming altar of Fedhas.
    17 | D        | Found the +6 Majin-Bo {spellvamp, MP+6 Int+6}
    17 | D        | Found the +27 heavy crossbow "Sniper" {heavy, Acc+∞ SInv}
    17 | D        | Found the +10 dark maul {heavy}
    17 | D        | Found the +15 Maxwell's patent armour {-Cast -Tele rElec
                  | Will+ rCorr}
    17 | D        | Found the +18 shield of the Gong {Loud rN+ Will+ rCorr
                  | EV-5}
    17 | D        | Found the +16 obsidian axe {drain, demonic, Mesm Drain Fly
                  | SInv}
    17 | D        | Found the +7 great mace "Firestarter" {flame, immolate,
                  | rFlCloud rF++}
    17 | D        | Found the +6 shillelagh "Devastator" {shatter}
    17 | D        | Found the +11 plutonium sword {Contam Stlth-}
    17 | D        | Found the +8 lance "Wyrmbane" {slay drac, rPois rF+ rC+
                  | AC+3}
    17 | D        | Found the +9 sword of Zonguldrok {reap}
    17 | D        | Found the +13 scythe of Curses {drain, curses, Drain}
    17 | D        | Found the +9 sword of Power {lifebolt}
    17 | D        | Found the +7 mace of Variability {chaos, chaos arc}
    17 | D        | Found the +11 Singing Sword {sonic wave}
    17 | D        | Found the +8 storm bow {elec, penet}
    18 | D        | Found a shimmering blue altar of Sif Muna.
    18 | D        | Found a sacrificial altar of Ru.
    18 | D        | Found a bloodstained altar of Trog.
    18 | D        | Found a stormy altar of Qazlal.
    18 | D        | Found an iron altar of Okawaru.
    18 | D        | Found a sparkling altar of Nemelex Xobeh.
    20 | D        | Found a transporter.
    20 | D        | Found an ancient bone altar of Kikubaaqudgha.
    20 | D        | Found a viscous altar of Jiyva.
    20 | D        | Found a corrupted altar of Lugonu.
    20 | D        | Found a hazy altar of Hepliaklqana.
    20 | D        | Found a burning altar of Makhleb.
    20 | D        | Found an opulent altar of Gozag.
    33 | D        | Became a worshipper of Qazlal Stormbringer
    33 | D        | Reached * piety under Qazlal
    33 | D        | Reached ** piety under Qazlal
   163 | D        | Entered arena 2.
   163 | D        | Noticed an orc wizard
   163 | D        | Found a transporter.
   168 | D        | Killed an orc wizard
   169 | D        | Reached skill level 5 in Invocations
   169 | D        | Gained mutation: You are partially covered in thin metallic
                  | scales. (AC +2) [demonic ancestry]
   169 | D        | Reached XP level 2. HP: 25/25 MP: 1/5
   209 | D        | Entered arena 3.
   209 | D        | Found a transporter.
   210 | D        | Reached XP level 3. HP: 30/30 MP: 6/10
   212 | D        | Reached *** piety under Qazlal
   213 | D        | Gained mutation: You have large cloven feet. [demonic
                  | ancestry]
   213 | D        | Reached XP level 4. HP: 38/38 MP: 7/12
   225 | D        | Entered arena 4.
   225 | D        | Noticed a necrophage
   225 | D        | Noticed a necrophage
   225 | D        | Found a transporter.
   229 | D        | Killed a necrophage
   230 | D        | Reached skill level 5 in Fighting
   230 | D        | Killed a necrophage
   230 | D        | Reached **** piety under Qazlal
   231 | D        | Reached skill level 5 in Axes
   231 | D        | Gained mutation: A meltable shield of frost defends you.
                  | (SH +4) [demonic ancestry]
   231 | D        | Reached XP level 5. HP: 46/46 MP: 10/14
   239 | D        | Got Kikubaaqudgha's Handbook of the Mortuary
   246 | D        | Entered arena 5.
   246 | D        | Found a transporter.
   249 | D        | Reached ***** piety under Qazlal
   250 | D        | Gained mutation: You are partially covered in sharp spines.
                  | [demonic ancestry]
   250 | D        | Reached XP level 6. HP: 53/53 MP: 13/16
   263 | D        | Entered arena 6.
   263 | D        | Found a transporter.
   266 | D        | Reached skill level 15 in Invocations
   273 | D        | Entered arena 7.
   273 | D        | Noticed a toenail golem
   273 | D        | Noticed a toenail golem
   273 | D        | Noticed a toenail golem
   274 | D        | Found a transporter.
   278 | D        | Killed a toenail golem
   279 | D        | Gained mutation: You have hoof-like feet. [demonic
                  | ancestry]
   279 | D        | Reached XP level 7. HP: 59/62 MP: 16/18
   281 | D        | Killed a toenail golem
   281 | D        | Reached ****** piety under Qazlal
   282 | D        | Gained mutation: You are mostly covered in thin metallic
                  | scales. (AC +3) [demonic ancestry]
   282 | D        | Reached XP level 8. HP: 68/70 MP: 16/20
   285 | D        | Killed a toenail golem
   296 | D        | Got the Thoughts on Evil Arts
   300 | D        | Entered arena 8.
   300 | D        | Noticed a fire crab
   300 | D        | Noticed a troll
   300 | D        | Noticed a guardian serpent
   300 | D        | Noticed an entropy weaver
   300 | D        | Noticed a shining eye
   300 | D        | Noticed a troll
   301 | D        | Killed a troll
   301 | D        | Killed a fire crab
   301 | D        | Killed a shining eye
   302 | D        | Reached skill level 10 in Fighting
   302 | D        | Gained mutation: You have hooves in place of feet. [demonic
                  | ancestry]
   302 | D        | Reached XP level 9. HP: 79/79 MP: 12/23
   302 | D        | Found a transporter.
   304 | D        | Killed an entropy weaver
   305 | D        | Reached skill level 10 in Axes
   305 | D        | Killed a guardian serpent
   305 | D        | Killed a troll
   306 | D        | Gained mutation: A meltable icy envelope protects you from
                  | harm. (AC +8) [demonic ancestry]
   306 | D        | Reached XP level 10. HP: 88/88 MP: 13/24
   363 | D        | Entered arena 9.
   363 | D        | Noticed a cane toad
   363 | D        | Noticed a cane toad
   364 | D        | Found a transporter.
   367 | D        | Killed a cane toad
   367 | D        | Killed a cane toad
   377 | D        | Entered arena 10.
   377 | D        | Noticed a cyclops
   378 | D        | Found a transporter.
   385 | D        | Killed a cyclops
   396 | D        | Got the ring of Qopan Sakoo {rElec rPois rN++ Will+ Dex-5}
   415 | D        | Entered arena 11.
   415 | D        | Noticed a spriggan rider
   416 | D        | Found a transporter.
   418 | D        | Killed a spriggan rider
   423 | D        | Gained mutation: Your magical and physical power is
                  | slightly enhanced at high health. [demonic ancestry]
   423 | D        | Reached XP level 11. HP: 74/98 MP: 25/27
   428 | D        | Got Xueror's Textbook on Cunning Snow
   433 | D        | Got the +1 helmet of Wariness {rPois Int+4}
   442 | D        | Got the Quarto of Momentum
   446 | D        | Entered arena 12.
   446 | D        | Noticed a purple very ugly thing
   446 | D        | Noticed a sea snake
   446 | D        | a sea snake changed into a dream sheep
   446 | D        | Noticed a brown very ugly thing
   447 | D        | Noticed a green very ugly thing
   447 | D        | Gained mutation: Armour fits poorly on your strangely
                  | shaped body. [a neqoxec]
   448 | D        | Noticed a glowing orange brain
   448 | D        | Noticed a sea snake
   449 | D        | Found a transporter.
   449 | D        | a glowing orange brain changed into a two-headed ogre
   449 | D        | Noticed a two-headed ogre (glowing shapeshifter)
   452 | D        | a sea snake changed into a floating eye
   453 | D        | a two-headed ogre changed into a faun
   454 | D        | Killed a brown very ugly thing
   454 | D        | a jumping spider changed into an entropy weaver
   454 | D        | Noticed an entropy weaver (glowing shapeshifter)
   457 | D        | Killed a brown very ugly thing
   460 | D        | Killed a green very ugly thing
   461 | D        | Killed an entropy weaver
   470 | D        | Got the ring of Emosif {rF+ Dex+2}
   551 | D        | Entered arena 13.
   551 | D        | Noticed a skeletal warrior
   551 | D        | Noticed a lich
   554 | D        | Killed a skeletal warrior
   554 | D        | Killed a lich
   555 | D        | Reached skill level 15 in Fighting
   555 | D        | Found a transporter.
   571 | D        | Got the Exposition on Bombardment and Algor
   597 | D        | Entered arena 14.
   597 | D        | Noticed an acid blob
   598 | D        | Noticed an azure jelly
   599 | D        | Noticed a rockslime
   600 | D        | Found a transporter.
   602 | D        | Killed an acid blob
   603 | D        | Reached skill level 27 in Invocations
   605 | D        | Reached XP level 12. HP: 60/110 MP: 29/29
   606 | D        | Killed an azure jelly
   612 | D        | Killed a rockslime
   613 | D        | Reached skill level 15 in Axes
   853 | D        | Got the Secrets of Apparitions and Teratogeny
   857 | D        | Got the amulet of Fileo {RegenMP Int+3}
   863 | D        | Entered arena 15.
   863 | D        | Noticed an orc warlord
   864 | D        | Identified the ring "Ywaaca" {rN+ Str+5 Int-5}
   864 | D        | Identified the +5 quarterstaff of the Pill Bug {spect,
                  | +Blink rF- rCorr Str+3}
   866 | D        | Killed an orc warlord
   867 | D        | Found a transporter.
   883 | D        | Got Cuenk's Elucidation of the Nasty Singularity
   916 | D        | Entered arena 16.
   918 | D        | Noticed a royal mummy
   918 | D        | Found the sphere of Battle
   920 | D        | Noticed an emperor scorpion
   920 | D        | Noticed an emperor scorpion
   920 | D        | Noticed an emperor scorpion
   923 | D        | Noticed a death scarab
   923 | D        | Noticed a death scarab
   923 | D        | Noticed a death scarab
   923 | D        | Noticed a death scarab
   923 | D        | Killed a royal mummy
   924 | D        | Reached skill level 1 in Shapeshifting
   924 | D        | Found a transporter.
  1110 | D        | Acquired a manual of Fighting
  1130 | D        | Entered arena 17.
  1133 | D        | Identified the +1 mace of Extermination {venom, Str+3 Dex+2
                  | Stlth+}
  1133 | D        | Noticed a vampire mage
  1134 | D        | Noticed a ghoul
  1134 | D        | Noticed a vampire mage
  1135 | D        | Killed a vampire mage
  1135 | D        | Killed a vampire mage
  1135 | D        | Killed a ghoul
  1136 | D        | Reached skill level 5 in Dodging
  1136 | D        | Reached XP level 13. HP: 124/124 MP: 21/30
  1136 | D        | Found a transporter.
  1169 | D        | Entered arena 18.
  1172 | D        | Noticed an azure jelly
  1172 | D        | Noticed an acid blob
  1172 | D        | Found the +5 demon whip "Spellbinder" {antimagic, disrupt,
                  | Will+}
  1172 | D        | Noticed an azure jelly
  1174 | D        | Killed an azure jelly
  1174 | D        | Killed an azure jelly
  1174 | D        | Killed an acid blob
  1175 | D        | Reached skill level 5 in Shields
  1175 | D        | Reached skill level 5 in Shapeshifting
  1175 | D        | Found a transporter.
  1209 | D        | Entered arena 19.
  1217 | D        | Found a transporter.
  1248 | D        | Got the Folio of the Polar Retinue
  1258 | D        | Got the Quarto of Variation and the Damned
  1262 | D        | Got Teloeg's Discursus on Nauseating Fulmination
  1270 | D        | Entered arena 20.
  1274 | D        | Noticed a quicksilver ooze
  1274 | D        | Noticed an azure jelly
  1274 | D        | Noticed an acid blob
  1274 | D        | Noticed a rockslime
  1274 | D        | Noticed a rockslime
  1275 | D        | Noticed a rockslime
  1275 | D        | Noticed a rockslime
  1275 | D        | Found the +5 glaive of the Guard {elec, spectral, AC+5}
  1276 | D        | Killed an acid blob
  1276 | D        | Killed a quicksilver ooze
  1276 | D        | Killed a rockslime
  1276 | D        | Killed a rockslime
  1276 | D        | Killed a rockslime
  1276 | D        | Killed an azure jelly
  1276 | D        | Killed a rockslime
  1277 | D        | Reached XP level 14. HP: 139/139 MP: 22/31
  1278 | D        | Found a transporter.
  1316 | D        | Entered arena 21.
  1322 | D        | Found the +4 Cigotuvi's embrace {Corpsefed rMiasma Drain
                  | rN+}
  1337 | D        | Found a transporter.
  1498 | D        | Got the ring "Cettony" {Str+5 Dex+3 Slay+3 SInv}
  1507 | D        | Got Sif Muna's Information on Interference
  1509 | D        | Got the ring "Qis Qixkynn" {rF++ rC+ Will- rCorr}
  1513 | D        | Got the Notes on Erosion
  1534 | D        | Entered arena 22.
  1537 | D        | Noticed a shadow dragon
  1537 | D        | Noticed a tainted leviathan
  1537 | D        | Noticed a doom hound
  1537 | D        | Noticed a shadow dragon
  1537 | D        | Noticed a ghoul
  1537 | D        | Noticed a profane servitor
  1538 | D        | Noticed a ghoul
  1538 | D        | Noticed a shadow dragon
  1538 | D        | Noticed a tainted leviathan
  1538 | D        | Found the +4 consecrated labrys {holy, Valiant Fragile Fly
                  | SInv}
  1539 | D        | Killed a doom hound
  1539 | D        | Killed a shadow dragon
  1539 | D        | Killed a tainted leviathan
  1539 | D        | Noticed a shadow dragon
  1540 | D        | Reached skill level 10 in Shapeshifting
  1540 | D        | Killed a shadow dragon
  1540 | D        | Killed a shadow dragon
  1540 | D        | Killed a ghoul
  1540 | D        | Killed a shadow dragon
  1540 | D        | Killed a profane servitor
  1541 | D        | Reached skill level 10 in Armour
  1541 | D        | Reached skill level 10 in Dodging
  1541 | D        | Killed a shadow dragon
  1541 | D        | Killed a ghoul
  1542 | D        | Noticed a shadow dragon
  1542 | D        | Noticed a shadow dragon
  1544 | D        | Killed a tainted leviathan
  1544 | D        | Killed a shadow dragon
  1544 | D        | Killed a shadow dragon
  1545 | D        | Reached skill level 10 in Shields
  1545 | D        | Found a transporter.
  1707 | D        | Got the amulet "Icut Tev" {Spirit Str+4}
  1735 | D        | Got the ring of Geudec {rPois rF+ Will- Str+3 Dex+3}
  1735 | D        | Got Ischouho's Exposition on Foggy Misfortune
  1741 | D        | Got the ring "Jumpofas" {Fire MP-9 Str+6}
  1752 | D        | Entered arena 23.
  1756 | D        | Noticed a shard shrike
  1756 | D        | Noticed a shard shrike
  1757 | D        | Noticed an Ice Fiend
  1757 | D        | Noticed an Ice Fiend
  1757 | D        | Noticed a nargun
  1757 | D        | Noticed a nargun
  1757 | D        | Noticed a nargun
  1757 | D        | Noticed a shard shrike
  1758 | D        | Noticed a nargun
  1758 | D        | Noticed a nargun
  1758 | D        | Noticed an azure jelly
  1758 | D        | Noticed an Ice Fiend
  1758 | D        | Noticed an Ice Fiend
  1758 | D        | Noticed an Ice Fiend
  1759 | D        | Killed a nargun
  1759 | D        | Killed an azure jelly
  1759 | D        | Killed an Ice Fiend
  1759 | D        | Killed a nargun
  1759 | D        | Killed a shard shrike
  1759 | D        | Killed a nargun
  1759 | D        | Killed a shard shrike
  1759 | D        | Killed an Ice Fiend
  1759 | D        | Noticed an Ice Fiend
  1760 | D        | Reached XP level 15. HP: 89/152 MP: 10/32
  1760 | D        | Killed a nargun
  1760 | D        | Killed a nargun
  1760 | D        | Killed an Ice Fiend
  1760 | D        | Killed an Ice Fiend
  1760 | D        | Killed a shard shrike
  1760 | D        | Noticed a nargun
  1761 | D        | Noticed an Ice Fiend
  1762 | D        | Killed an Ice Fiend
  1762 | D        | Killed an Ice Fiend
  1762 | D        | Killed a nargun
  1762 | D        | Killed an Ice Fiend
  1765 | D        | Found a transporter.
  1765 | D        | Noticed a nargun
  1771 | D        | Killed a nargun
  1775 | D        | Got the ring of Uteqadd {rElec rC+ rN+ Will+ Int+3 Dex-5}
  1789 | D        | Got the ring of Joom Owegus {rC+ Dex+5}
  1941 | D        | Entered arena 24.
  1946 | D        | Noticed a titan
  1946 | D        | Noticed a frost giant
  1946 | D        | Noticed a frost giant
  1946 | D        | Noticed a fire giant
  1946 | D        | Noticed a fire giant
  1946 | D        | Noticed a titan
  1946 | D        | Noticed a frost giant
  1946 | D        | Noticed a fire giant
  1946 | D        | Noticed a titan
  1947 | D        | Noticed a titan
  1947 | D        | Noticed a fire giant
  1947 | D        | Found the +6 arbalest "Damnation" {damnation}
  1947 | D        | Noticed a fire giant
  1947 | D        | Noticed a frost giant
  1947 | D        | Noticed a titan
  1947 | D        | Noticed a frost giant
  1947 | D        | Noticed a frost giant
  1948 | D        | Killed a fire giant
  1948 | D        | Killed a fire giant
  1948 | D        | Killed a frost giant
  1948 | D        | Killed a fire giant
  1948 | D        | Killed a titan
  1948 | D        | Killed a titan
  1948 | D        | Noticed a frost giant
  1949 | D        | Reached skill level 15 in Shapeshifting
  1949 | D        | Gained mutation: You are mostly covered in sharp spines.
                  | [demonic ancestry]
  1949 | D        | Reached XP level 16. HP: 136/164 MP: 19/33
  1949 | D        | Killed a titan
  1949 | D        | Killed a titan
  1950 | D        | Noticed a titan
  1951 | D        | Killed a titan
  1952 | D        | Reached skill level 27 in Fighting
  1953 | D        | Found a transporter.
  1956 | D        | Killed a titan
  1983 | D        | Got the ring "Faommyly" {Wiz Contam Str-3 Int+9 Dex+4}
  2003 | D        | Got the Writings on the Cemetery
  2142 | D        | Acquired 521 gold pieces
  2314 | D        | Entered arena 25.
  2321 | D        | Identified the +5 battleaxe of the Skies Above {heavy, rN+
                  | Str+4}
  2323 | D        | Reached skill level 15 in Armour
  2323 | D        | Reached skill level 15 in Dodging
  2323 | D        | Reached skill level 15 in Shields
  2335 | D        | Found a transporter.
  2339 | D        | Got the amulet of Finality {Faith Harm Int+3}
  2344 | D        | Got the +0 pair of gloves of Waoxzuit {rF+}
  2356 | D        | Got the Encyclopedia of Beckoning
  2361 | D        | Got the amulet of Qaxune {Reflect Int+3 SH+5}
  2378 | D        | Got the ring "Idaecoog" {Fire Dex+4}
  2393 | D        | Entered arena 26.
  2404 | D        | Gained mutation: A meltable icy envelope protects you from
                  | harm. (AC +8) [demonic ancestry]
  2404 | D        | Reached XP level 17. HP: 140/174 MP: 25/34
  2411 | D        | Found a transporter.
  2429 | D        | Got the ring of Pasouk {Fly rN++ Str-4 SInv}
  2432 | D        | Got the ring "Qaatenaor" {Fly SInv}
  2481 | D        | Entered arena 27.
  2499 | D        | Found a transporter.
  2507 | D        | Found the +8 frozen axe "Frostbite" {freeze, freezing
                  | cloud, *Noise Fly rC+}
  2515 | D        | Got the Directory of Hazy Shapeshifting
  2522 | D        | Got the Atlas of the Arsonist
  2525 | D        | Got the amulet "Zudonal" {Spirit Str+3}
  2535 | D        | Got the Directory of Captivating Leadership
  2538 | D        | Got the ring "Vador" {Fly rPois Int+5 Slay-2}
  2699 | D        | Entered arena 28.
  2725 | D        | HP: 4/174 [hornet (21)]
  2725 | D        | Mangled by a radroach

Illustrated notes

Levels and vault maps discovered:
D:        sprint_v [room_start, room_1, room_2, room_3, room_4, room_5, room_6,
          room_7, room_8, room_9, room_10, room_11, room_12, room_13, room_14,
          room_15, room_16, room_17, room_18, room_19, room_20, room_21,
          room_22, room_23, room_24, room_25, room_26, room_27]

Skill      XL: |  1  2  3  4  5  6  7  8  9 10 11 12 13 14 15 16 17 |
---------------+----------------------------------------------------+-----
Invocations    | 5 11 12 14 16 17 20 21 24 27 | 27.0
Fighting       | 4 6 8 10 11 13 15 18 21 24 26 27 | 27.0
Axes           | 3 5 7 8 9 10 12 14 16 17 19 20 22 23 | 23.7
Armour         | 4 8 11 13 16 18 | 18.7
Dodging        | 5 8 11 13 16 18 | 18.2
Shields        | 4 7 11 13 17 19 | 19.7
Shapeshifting  | 4 8 12 15 19 21 | 21.2

Action                     |  1- 3 |  4- 6 |  7- 9 | 10-12 | 13-15 | 16-18 || total
---------------------------+-------+-------+-------+-------+-------+-------++-------
  Melee: Broad axe         |     5 |    13 |     9 |    47 |    39 |    36 ||   149
         Kick              |       |     5 |     3 |    19 |    20 |    12 ||    59
 Invoke: Disaster Area     |       |       |     1 |     4 |    10 |     9 ||    24
    Use: Potion            |     1 |       |       |     2 |     2 |       ||     5
         Scroll            |       |       |       |     1 |       |     2 ||     3
   Stab: Distracted        |       |       |       |       |     1 |       ||     1
 Armour: Gold dragon scale |     4 |     1 |     4 |    46 |    14 |    16 ||    85
  Dodge: Dodged            |       |       |       |     3 |     2 |    17 ||    22
  Block: Kite shield       |     8 |    16 |    12 |   120 |    73 |    92 ||   321
         Reflection        |       |       |     1 |     6 |       |       ||     7
   Form: Death             |       |       |       |       |       |     2 ||     2
                           |       |       |       |       |       |     1 ||     1

Table legend: (Time is in decaauts)
 A = Elapsed time spent in this place.
 B = Non-inter-level travel time spent in this place.
 C = Inter-level travel time spent in this place.
 D = Time resting spent in this place.
 E = Time spent auto-exploring this place.
 F = Levels seen in this place.
 G = Mean time per level.
                   A        B        C        D        E       F      G
               +--------+--------+--------+--------+--------+-----+--------+
         Total |   2675 |   2675 |      0 |   1300 |    126 |   1 | 2675.0 |
       Dungeon |   2675 |   2675 |      0 |   1300 |    126 |   1 | 2675.0 |
               +--------+--------+--------+--------+--------+-----+--------+

Top non-repeatable levels by time:
       D: 2675 daAuts
